 Dungeon Crawl Stone Soup version 0.31-a0-257-gf185e81a89 (webtiles) character file.

Game seed: 728419193961244931

63 qw the Shooter (level 4, -2/26 HPs)
             Began as a Gargoyle Hexslinger on July 12, 2023.
             Killed from afar by Ijyb (5 damage)
             ... with a bolt of light
             ... on level 2 of the Dungeon.
             The game lasted 00:00:29 (931 turns).

qw the Shooter (Gargoyle Hexslinger)                 Turns: 931, Time: 00:00:29

Health: -2/26      AC: 10    Str: 11    XL:     4   Next: 9%
Magic:  5/5        EV: 10    Int: 14    God:
Gold:   102        SH:  0    Dex: 14    Spells: 4/5 levels left

rFire   . . .        Y - +1 sling
rCold   . . .        (no shield)
rNeg    + . .        d - +0 ring mail
rPois   inf          h - +0 helmet
rElec   +            (no cloak)
rCorr   .            (no gloves)
SInv    .            f - +0 pair of boots
Will    .....        (no amulet)
Stlth   +            (no ring)
HPRegen 0.24/turn    (no ring)
MPRegen 0.09/turn

%: no passive effects
@: no status effects
A: sickness immunity, AC +3, negative energy resistance 1, electricity
resistance, torment resistance 1, petrification resistance
a: no special abilities


You were on level 2 of the Dungeon.
You visited 1 branch of the dungeon, and saw 2 of its levels.

You collected 102 gold pieces.


Innate Abilities, Weirdness & Mutations

You are immune to sickness and miasma.
Your stone body is resilient. (AC +3)
You are immune to poison.
You resist negative energy. (rN+)
You are resistant to electric shocks. (rElec)
You are resistant to unholy torment.
You are immune to petrification.


   Skills:
 - Level 2.0 Fighting
 + Level 3.7 Ranged Weapons
 - Level 1.0 Armour
 - Level 1.5 Dodging
 - Level 1.0 Spellcasting
 - Level 2.6 Hexes


You had 4 spell levels left.
You knew the following spells:

 Your Spells              Type           Power      Damage    Failure   Level
a - Slow                  Hex            32%        N/A       21%         1

Your spell library contained the following spells:

 Spells                   Type           Power      Damage    Failure   Level
 Inner Flame              Hex/Fire       4%         N/A       71%         3
 Portal Projectile        Hex/Tloc       8%         N/A       71%         3
 Cause Fear               Hex            4%         N/A       90%         4

Inventory:

Hand Weapons
 Y - a +1 sling (weapon)
Armour
 d - a +0 ring mail (worn)
 f - a +0 pair of boots (worn)
 h - a +0 helmet (worn)
Scrolls
 a - a scroll of enchant armour {unknown}
 c - a scroll of noise {unknown}
 e - 2 scrolls of identify
 j - a scroll of teleportation {unknown}
Potions
 b - a potion of mutation {unknown}
 g - a potion of haste {unknown}
 i - a potion of curing {unknown}

Dungeon Overview and Level Annotations

Branches:
Dungeon (2/15)

Altars:

Annotations:
D:2 Ijyb


Message History

You shoot a sling bullet.
The sling bullet closely misses the goblin.
The goblin hits you but does no damage.
You shoot a sling bullet. The sling bullet hits Ijyb.
Ijyb is lightly wounded.
The goblin hits you but does no damage. Ijyb misses you.
You shoot a sling bullet.
The sling bullet hits Ijyb but does no damage.
Ijyb is lightly wounded.
Ijyb hits you but does no damage. The goblin hits you but does no damage.
Ijyb hits you with a +0 club. The goblin hits you but does no damage.
You shoot a sling bullet. The sling bullet barely misses Ijyb.
Ijyb closely misses you. The goblin hits you with a +0 club.
You shoot a sling bullet. The sling bullet hits Ijyb.
Ijyb is moderately wounded.
The goblin closely misses you.
Ijyb zaps a wand.
The bolt of light hits you.
You shoot a sling bullet.
The sling bullet hits Ijyb but does no damage.
Ijyb is moderately wounded.
Ijyb hits you but does no damage. The goblin hits you with a +0 club.
Ijyb zaps a wand.
The bolt of light misses you. The goblin hits you but does no damage.
You shoot a sling bullet. The sling bullet barely misses Ijyb.
Ijyb hits you but does no damage. The goblin closely misses you.
You shoot a sling bullet. The sling bullet hits Ijyb.
Ijyb is heavily wounded.
Ijyb hits you but does no damage. The goblin hits you with a +0 club.
The goblin barely misses you. Ijyb hits you but does no damage.
You shoot a sling bullet. The sling bullet barely misses Ijyb.
The goblin shouts!
The goblin barely misses you. Ijyb hits you but does no damage.
You shoot a sling bullet.
The sling bullet hits Ijyb but does no damage.
Ijyb is heavily wounded.
Ijyb hits you but does no damage. The goblin hits you but does no damage.
You shoot a sling bullet.
The sling bullet hits Ijyb but does no damage.
Ijyb is heavily wounded.
Ijyb zaps a wand.
The bolt of light hits you.
You die...

####### ......# ..^...#
###### ......# #....#
......###....# #####
.......##%..(#####......
.....#..#.......@g.#
#....##......####g)8.8.8
#....####....# .)..g.$
#....# #....# .......
#....# ###### ...)...
.....# ....... #....#
....... ###.## ..8.8.8
#.#


You could see Ijyb and 2 goblins.

Vanquished Creatures
  An adder (D:2)
  5 dart slugs
  An endoplasm (D:1)
  2 giant cockroaches
  11 goblins
  4 hobgoblins
  4 jackals (D:2)
  3 ball pythons (D:2)
  3 bats (D:1)
  A frilled lizard (D:1)
  2 kobolds (D:1)
  3 rats (D:1)
40 creatures vanquished.

Notes
Turn   | Place    | Note
-------+----------+-------------------------------------------
     0 | D:1      | qw the Gargoyle Hexslinger began the quest for the Orb.
     0 | D:1      | Reached XP level 1. HP: 12/12 MP: 2/2
     0 | D:1      | 0 ||| qw: Version: 0.3-a-52-g30416fa
     0 | D:1      | 0 ||| qw: Game counter: 6816
     0 | D:1      | 0 ||| qw: Melee chars always use a shield: true
     0 | D:1      | 0 ||| qw: God list: Okawaru
     0 | D:1      | 0 ||| qw: Allow faded altars: false
     0 | D:1      | 0 ||| qw: Do Orc after clearing Dungeon:15 true
     0 | D:1      | 0 ||| qw: Do second Lair branch before Depths: true
     0 | D:1      | 0 ||| qw: Lair rune preference: random
     0 | D:1      | 0 ||| qw: Goals: Normal
     0 | D:1      | 0 ||| PLANNING D:1-11
   125 | D:1      | Reached XP level 2. HP: 16/16 MP: 3/3
   312 | D:1      | Reached skill level 3 in Ranged Weapons
   598 | D:1      | 598 ||| UPGRADING to +0 ring mail.
   608 | D:1      | 608 ||| DROPPING +0 robe.
   609 | D:1      | 609 ||| UPGRADING to +0 pair of boots.
   614 | D:1      | 614 ||| UPGRADING to +0 helmet.
   619 | D:1      | 619 ||| READING scroll labelled FEIDGH KAHEDGH.
   633 | D:1      | 633 ||| READING scroll labelled XIYFEC AGAERAPN.
   634 | D:1      | 634 ||| DROPPING scroll of poison.
   663 | D:2      | Reached XP level 3. HP: 20/21 MP: 4/4
   758 | D:2      | Reached skill level 1 in Armour
   904 | D:2      | Reached XP level 4. HP: 26/26 MP: 5/5
   914 | D:2      | Noticed Ijyb
   926 | D:2      | HP: 5/26 [goblin/+0 club (2)]
   928 | D:2      | HP: 2/26 [goblin/+0 club (4)]
   931 | D:2      | Killed from afar by Ijyb

Levels and vault maps discovered:
D:1:      giann_bridges, layout_basic, feat_on_display
D:2:      kennysheep_the_goblin_king, layout_basic, minmay_box_of_dots,
          uniq_natasha

Skill      XL: |  1  2  3 |
---------------+----------+-----
Ranged Weapons | 3 |  3.7
Fighting       | 2 |  2.0
Armour         | 1 |  1.0
Dodging        | |  1.5
Spellcasting   | |  1.0
Hexes          | |  2.6

Action                     |  1- 3 |  4- 6 || total
---------------------------+-------+-------++-------
   Fire: Sling             |   102 |    19 ||   121
    Use: Scroll            |     2 |       ||     2
 Armour: Robe              |     4 |       ||     4
         Ring mail         |    36 |    13 ||    49
  Dodge: Dodged            |    35 |    11 ||    46

Table legend:
 A = Non-vault XP
 B = Vault XP
 C = Vault XP percentage of total XP
 D = Non-vault monster count
 E = Vault monster count
 F = Vault count percentage of total count
                 A         B        C        D         E       F
            +---------+---------+-------+---------+---------+-------
      Total |      61 |      29 |  32.2 |      32 |       8 |  20.0
            +---------+---------+-------+---------+---------+-------
        D:1 |      33 |       0 |   0.0 |      18 |       0 |   0.0
        D:2 |      28 |      29 |  50.9 |      14 |       8 |  36.4
            +---------+---------+-------+---------+---------+-------
